 Dungeon Crawl Stone Soup version 0.25.0-9-g26727b657a (webtiles) character file.

Game seed: 18334888230143310427

113 Lanoc the Firebug (level 4, -5/24 HPs)
             Began as a Deep Elf Fire Elementalist on June 17, 2020.
             Was an Initiate of Ru.
             Slain by a worm (10 damage)
             ... on level 2 of the Dungeon.
             The game lasted 00:03:50 (2215 turns).

Lanoc the Firebug (Deep Elf Fire Elementalist)      Turns: 2215, Time: 00:03:50

Health: -5/24      AC:  2    Str:  5    XL:     4   Next: 65%
Magic:  5/10       EV: 14    Int: 21    God:    Ru [......]
Gold:   89         SH:  0    Dex: 15    Spells: 5/9 levels left

rFire    . . .     SeeInvis .   (no weapon)
rCold    . . .     Gourm    .   (no shield)
rNeg     . . .     Faith    +   a - +0 robe
rPois    +         Spirit   .   (no helmet)
rElec    .         Reflect  .   (no cloak)
rCorr    .         Harm     .   (no gloves)
MR       .....                  (no boots)
Stlth    ++........             l - amulet of faith
HPRegen  0.08/turn              m - ring of poison resistance
MPRegen  0.12/turn              (no ring)

@: very slightly contaminated
A: no striking features
a: Renounce Religion


You were on level 2 of the Dungeon.
You worshipped Ru.
Ru was noncommittal.
You were not hungry.

You visited 1 branch of the dungeon, and saw 2 of its levels.

You collected 89 gold pieces.

Inventory:

Armour
 a - a +0 robe (worn)
Jewellery
 j - an uncursed amulet of reflection
 l - an amulet of faith (around neck)
 m - a ring of poison resistance (left hand)
Scrolls
 h - 2 scrolls of amnesia {unknown}
Potions
 b - 2 potions of haste {unknown}
 d - a potion of ambrosia {unknown}
 e - a potion of curing {unknown}
 f - 2 potions of flight {unknown}
 g - a potion of degeneration {unknown}
 i - 2 potions of might {unknown}
Comestibles
 c - 7 rations


   Skills:
 + Level 3.5 Dodging
 - Level 2.4 Stealth
 - Level 3.0 Spellcasting
 + Level 2.5 Conjurations
 * Level 4.9 Fire Magic


You had 5 spell levels left.
You knew the following spells:

 Your Spells              Type           Power        Failure   Level  Hunger
a - Foxfire               Conj/Fire      ###.         3%          1    None
b - Conjure Flame         Conj/Fire      ###.....     9%          3    ###....

Your spell library contained the following spells:

 Spells                   Type           Power        Failure   Level  Hunger
 Inner Flame              Hex/Fire       ##......     14%         3    ###....
 Sticky Flame             Conj/Fire      ###.....     28%         4    ####...
 Fireball                 Conj/Fire      ###.......   63%         5    ######.


Dungeon Overview and Level Annotations

Branches:
Dungeon (2/15)

Altars:
Ru

Annotations:
D:2 Natasha


Message History

Natasha is heavily wounded.
The foxfire hits Natasha.
Natasha is severely wounded.
Natasha claws you!
* * * LOW HITPOINT WARNING * * *
Casting: Foxfire (safe; 3% risk of failure)
Confirm with . or Enter, or press ? or * to list all spells.
You miscast Foxfire.
You are very lightly contaminated with residual magic.
Nothing appears to happen.
The foxfire hits Natasha.
Natasha is severely wounded.
The foxfire hits Natasha.
Natasha is almost dead.
Natasha misses you.
Casting: Foxfire (safe; 3% risk of failure)
Confirm with . or Enter, or press ? or * to list all spells.
You conjure some foxfire!
Natasha claws you.
* * * LOW HITPOINT WARNING * * *
The worm bites you!
You die...

.............# #.# #..####
#############....######.###..####
#........(...................##..
#.###########....#######.....##..
#...# #....# #......... #...#
###.## #####.###. #...# #.# #.#
## #...# ####.#### #.# # #.###
#...h@v.# #.#### #.# #...w.v.#
####..... #.# #..........
..###.#.# #.# #.......#### #.#
#.#.# #.# #.$.....######.# #.#.#
#.# ####.#.##......###.#.# #.#
#.#.............#.# ..# #.
###....[.#####.# ###
..............#


You could see a worm and Natasha.

Vanquished Creatures
  4 gnolls (D:2)
  3 adders (D:2)
  An ooze (D:2)
  A worm (D:2)
  2 leopard geckos (D:1)
  2 bats (D:1)
  A giant cockroach (D:2)
  A goblin (D:1)
  6 hobgoblins
  4 jackals (D:1)
  5 kobolds
  9 frilled lizards
  3 rats
42 creatures vanquished.

Vanquished Creatures (collateral kills)
  A frilled lizard (D:1)
  A rat (D:2)
2 creatures vanquished.

Vanquished Creatures (others)
  128 foxfires
128 creatures vanquished.

Grand Total: 172 creatures vanquished

Notes
Turn   | Place    | Note
-------+----------+-------------------------------------------
     0 | D:1      | Lanoc the Deep Elf Fire Elementalist began the quest for
                  | the Orb.
     0 | D:1      | Reached XP level 1. HP: 10/10 MP: 6/6
   221 | D:1      | Reached XP level 2. HP: 11/15 MP: 2/8
   721 | D:1      | Reached skill level 4 in Fire Magic
  1074 | D:2      | Reached XP level 3. HP: 19/19 MP: 6/9
  1297 | D:2      | Found a sacrificial altar of Ru.
  1578 | D:2      | Became a worshipper of Ru the Awakened
  1628 | D:2      | Reached XP level 4. HP: 24/24 MP: 6/10
  1711 | D:2      | Learned a level 3 spell: Conjure Flame
  2208 | D:2      | Noticed Natasha
  2215 | D:2      | Slain by a worm

Illustrated notes

Levels and vault maps discovered:
D:1:      dpeg_arrival_short_road, layout_rooms, minmay_lizard_king
D:2:      layout_basic, nicolae_overflow_crystal_walls, uniq_natasha,
          uniq_crazy_yiuf_cottage

Skill      XL: |  1  2  3 |
---------------+----------+-----
Fire Magic     | 4 |  4.9
Dodging        | 3 |  3.5
Conjurations   | 2 |  2.5
Stealth        | |  2.4
Spellcasting   | |  3.0

Action                   |  1- 3 |  4- 6 || total
-------------------------+-------+-------++-------
Melee: Unarmed           |     5 |     2 ||     7
 Cast: Foxfire           |    68 |    21 ||    89
  Eat: Chunk             |     2 |     2 ||     4
Armor: Robe              |     3 |       ||     3
Dodge: Dodged            |     3 |     9 ||    12
